 Dungeon Crawl Stone Soup version 0.31.0-1-g2c135a0 (webtiles) character file.

Game seed: 5338225122525141617

546 samcosmo the Digger (level 7, -2/41 HPs)
             Began as a Gargoyle Earth Elementalist on Mar 15, 2024.
             Slain by a wight
             ... wielding a +0 war axe
              (6 damage)
             ... on level 4 of the Dungeon.
             The game lasted 00:11:48 (2959 turns).

samcosmo the Digger (Gargoyle Earth Elementalist)   Turns: 2959, Time: 00:11:49

Health: -2/41      AC:  8    Str: 12    XL:     7   Next: 28%
Magic:  12/21      EV: 12    Int: 17    God:
Gold:   51         SH:  0    Dex: 10    Spells: 5/13 levels left

rFire   . . .        g - +1 whip
rCold   . . .        (no shield)
rNeg    + . .        a - +1 robe
rPois   ∞            o - +0 helmet
rElec   +            k - scarf {harm}
rCorr   .            (no gloves)
SInv    .            (no boots)
Will    .....        (no amulet)
Stlth   ++           j - ring of magical power
HPRegen 0.26/turn    h - ring of flight
MPRegen 0.17/turn

%: harm (+30% outgoing, +20% incoming)
@: flying
A: sickness immunity, AC +4, negative energy resistance 1, electricity
resistance, torment resistance 1, petrification resistance
a: no special abilities


You were on level 4 of the Dungeon.
You visited 1 branch of the dungeon, and saw 4 of its levels.

You collected 171 gold pieces.
You spent 120 gold pieces at shops.

Inventory:

Hand Weapons
 g - a +1 whip (weapon)
Armour
 a - a +1 robe (worn)
 k - a scarf of harm (worn)
 o - a +0 helmet (worn)
 x - a +0 cloak
Jewellery
 h - a ring of flight (right hand)
 j - a ring of magical power (left hand)
Talismans
 d - a granite talisman
Wands
 p - a wand of light (6)
Scrolls
 c - a scroll of noise
 e - a scroll of poison
 n - a scroll of blinking
 v - a scroll of torment
Potions
 b - 5 potions of magic
 f - a potion of brilliance {unknown}
 i - 2 potions of curing {unknown}
 l - a potion of degeneration {unknown}
 m - 3 potions of enlightenment
 q - 3 potions of heal wounds
 r - a potion of berserk rage {unknown}
 s - 2 potions of haste {unknown}
 t - a potion of resistance {unknown}
 u - a potion of lignification {unknown}


   Skills:
 + Level 3.2 Fighting
 + Level 3.1 Dodging
 - Level 2.1 Stealth
 + Level 3.6 Spellcasting
 + Level 1.7 Conjurations
 * Level 6.6 Earth Magic


You had 5 spell levels left.
You knew the following spells:

 Your Spells              Type           Power      Damage    Failure   Level
a - Sandblast             Erth           50%        2d12      1%          1
b - Passwall              Erth           25%        N/A       3%          3
c - Brom's Barrelling Bo  Conj/Erth      17%        2d4       30%         4

Your spell library contained the following spells:

 Spells                   Type           Power      Damage    Failure   Level
 Stone Arrow              Conj/Erth      34%        3d9       9%          3
 Petrify                  Alch/Erth      14%        N/A       38%         4
 Fugue of the Fallen      Necr           3%         N/A       45%         3
 Ozocubu's Armour         Ice            3%         N/A       45%         3
 Manifold Assault         Tloc           3%         N/A       86%         4


Dungeon Overview and Level Annotations

Branches:
Dungeon (4/15)
 Temple: D:4-7

Altars:

Shops:
D:4 *


Innate Abilities, Weirdness & Mutations

You are immune to sickness and miasma.
Your stone body is resilient. (AC +4)
You are immune to poison.
You resist negative energy. (rN+)
You are resistant to electric shocks. (rElec)
You are resistant to unholy torment.
You are immune to petrification.


Message History

Confirm with . or Enter, or press ? or * to list all spells.
Aiming: Sandblast (safe; 1% risk of failure)
Press: ? - help, Shift-Dir - straight line, f/p - wight
Aim: a wight, wielding a +0 war axe and wearing a +0 robe (almost destroyed, 83% to hit)
The blast of sand hits the wight but does no damage.
The wight is almost destroyed.
The wight hits you but does no damage. The wight hits you with a +0 war axe!
Casting: Sandblast (safe; 1% risk of failure)
Confirm with . or Enter, or press ? or * to list all spells.
Aiming: Passwall (dangerous; 3% risk of failure)
Press: ? - help, Dir - move target, p - wight A rock wall.
The wight hits you but does no damage.
You begin to meditate on the wall.
You continue meditating on the rock.
The wight hits you but does no damage.
You continue meditating on the rock.
The wight closely misses you.
Your magical contamination has completely faded away.
You continue meditating on the rock.
The wight hits you but does no damage.
You finish merging with the rock.
You start resting.
A wight is nearby!
The wight barely misses you. The wight attacks as it pursues you!
The wight hits you with a +0 war axe!
* * * LOW HITPOINT WARNING * * *
The wight attacks as it pursues you! The wight barely misses you.
The wight attacks as it pursues you! The wight hits you with a +0 war axe.
* * * LOW HITPOINT WARNING * * *
The wight attacks as it pursues you! The wight hits you with a +0 war axe.
* * * LOW HITPOINT WARNING * * *
Casting: Passwall (dangerous; 3% risk of failure)
Confirm with . or Enter, or press ? or * to list all spells.
Aiming: Sandblast (safe; 1% risk of failure)
Press: ? - help, Shift-Dir - straight line, f - wight
Aim: a wight, wielding a +0 war axe and wearing a +0 robe (severely damaged, 83% to hit)
The blast of sand hits the wight but does no damage.
The wight is severely damaged.
The wight hits you with a +0 war axe.
You die...

################)#
#.#
....z)z......zz..#
#.#
##################
#.# #<#####.# #.#
#.......# #.#
#######.# #z# #.#
#.# #.#########.#
#...@zz....[#
#############


You could see 2 wights.

Vanquished Creatures
  Grinder (D:3)
  A wight (D:4)
  A bombardier beetle (D:2)
  Crazy Yiuf (D:3)
  A sleepcap (D:2)
  Ijyb (D:3)
  2 orc wizards
  9 adders
  A shadow imp (D:4)
  A dart slug (D:2)
  5 orcs
  6 ball pythons
  2 bats
  3 endoplasms (D:1)
  3 giant cockroaches
  4 goblins
  3 hobgoblins
  5 quokkas
  A frilled lizard (D:1)
  3 kobolds
  4 rats (D:2)
58 creatures vanquished.

Vanquished Creatures (collateral kills)
  An orc (D:4)
  3 boulders (D:4)
4 creatures vanquished.

Vanquished Creatures (others)
  4 boulders (D:4)
4 creatures vanquished.

Grand Total: 66 creatures vanquished

Notes
Turn   | Place    | Note
-------+----------+-------------------------------------------
     0 | D:1      | samcosmo the Gargoyle Earth Elementalist began the quest
                  | for the Orb.
     0 | D:1      | Reached XP level 1. HP: 10/10 MP: 3/3
   260 | D:1      | Reached XP level 2. HP: 16/16 MP: 3/5
   556 | D:2      | Reached skill level 1 in Fighting
   556 | D:2      | Reached skill level 4 in Earth Magic
   556 | D:2      | Reached XP level 3. HP: 5/20 MP: 6/6
   756 | D:2      | Reached XP level 4. HP: 23/25 MP: 7/7
   958 | D:2      | Learned a level 3 spell: Passwall
   999 | D:2      | Reached skill level 5 in Earth Magic
   999 | D:2      | Reached XP level 5. HP: 30/30 MP: 9/9
  1639 | D:3      | Noticed Grinder
  1641 | D:3      | Paralysed by Grinder for 3 turns
  1646 | D:3      | Killed Grinder
  1647 | D:3      | Reached skill level 6 in Earth Magic
  1647 | D:3      | Reached XP level 6. HP: 36/36 MP: 11/11
  1652 | D:3      | Learned a level 4 spell: Brom's Barrelling Boulder
  1764 | D:3      | Noticed Ijyb
  1775 | D:3      | Killed Ijyb
  1943 | D:3      | Found a runed translucent door.
  1944 | D:3      | Noticed Crazy Yiuf
  1969 | D:3      | Killed Crazy Yiuf
  1970 | D:3      | Reached XP level 7. HP: 26/41 MP: 12/12
  2176 | D:3      | Found a faded altar of an unknown god.
  2279 | D:4      | Found Wixtokke's General Store.
  2285 | D:4      | Bought 2 potions of heal wounds for 120 gold pieces
  2959 | D:4      | Slain by a wight

Illustrated notes

Levels and vault maps discovered:
D:1:      minmay_arrival_solitary_statue, layout_rooms
D:2:      layout_loops_ring, nicolae_concentric_dashed_squares_mild,
          minmay_snake_closets
D:3:      layout_basic, shapermc_ecumenical_altar_petra,
          uniq_crazy_yiuf_cottage, uniq_grinder, uniq_ijyb
D:4:      layout_basic, overflow_temple_1_default, kennysheep_little_box,
          serial_shops, nicolae_shop_getting_attention,
          chequers_serial_rivers_small_a

Skill      XL: |  1  2  3  4  5  6  7 |
---------------+----------------------+-----
Fighting       | 1 2 3 |  3.2
Dodging        | 2 3 |  3.1
Earth Magic    | 4 5 6 |  6.6
Spellcasting   | 3 |  3.6
Stealth        | |  2.1
Conjurations   | |  1.7

Action                     |  1- 3 |  4- 6 |  7- 9 || total
---------------------------+-------+-------+-------++-------
  Melee: Unarmed           |     6 |       |       ||     6
         Whip              |       |     4 |       ||     4
   Cast: Sandblast         |    27 |    62 |    22 ||   111
         Brom's Barrelling |       |       |     8 ||     8
         Passwall          |       |       |     4 ||     4
    Use: Scroll            |       |     8 |     2 ||    10
 Armour: Robe              |    10 |    20 |    23 ||    53
  Dodge: Dodged            |     8 |    19 |    15 ||    42
